 Dungeon Crawl Stone Soup version 0.27-a0-1149-g4505690ab0 (webtiles) character file.

Game seed: 11043196203090521156

58488 robertstho the Eclecticist (level 15, 0/92 HPs)
             Began as a Djinni Fire Elementalist on May 12, 2021.
             Was an Initiate of Gozag.
             Killed by divine providence
             ... invoked by Saint Roka
              (11 damage)
             ... on level 2 of the Orcish Mines.
             The game lasted 00:46:10 (26995 turns).

robertstho the Eclecticist (DjFE)                  Turns: 26995, Time: 00:46:11

Health: 0/92       AC: 17    Str:  7    XL:     15   Next: 30%
Gold:   3760       EV: 12    Int: 32    God:    Gozag SH:  5 Dex: 14

rFire    + + .     SeeInvis +   a - +9 whip of Dissent {chaos, rC+}
rCold    . . .     Faith    .   (no shield)
rNeg     . . .     Spirit   .   g - quicksilver dragon scales "Myrghat" {rPois Will+}
rPois    ∞         Reflect  +   P - +2 helmet {Int+3}
rElec    .         Harm     .   n - +0 cloak {Will+}
rCorr    .         Rampage  .   (no gloves)
Will     +++..                  (boots unavailable)
Stlth    ++........             e - amulet of reflection
HPRegen  0.25/turn              b - ring of see invisible
MPRegen  0.00/turn              v - +6 ring of intelligence

@: flying
A: sickness immunity, fire resistance 2, cold vulnerability 1, float, innate
caster, hp casting, extra vitality 1
a: Renounce Religion, Potion Petition, Call Merchant, Bribe Branch


You were on level 2 of the Orcish Mines.
You worshipped Gozag.
Gozag was most pleased with you.
You visited 3 branches of the dungeon, and saw 17 of its levels.
You visited 1 bazaar.
You also visited: Ice Cave.

You collected 6548 gold pieces.
You spent 2704 gold pieces at shops.
You paid 84 gold pieces to Gozag.

Inventory:

Hand Weapons
 a - the +9 whip of Dissent (weapon) {chaos, rC+}
   (You found it on level 7 of the Dungeon)

   Each time it hits an enemy it has a different, random effect.
   It protects you from cold.
 f - a +0 short sword
 i - a +2 dagger of draining
 j - the +6 halberd of Dullness {vorpal, +Blink rC+++ Dex-3 SInv}
   (You bought it in a shop in a bazaar)

   It inflicts extra damage upon your enemies.
   It affects your dexterity (-3).
   It renders you almost immune to cold.
   It lets you see invisible.
   It lets you blink.
 O - the +7 lajatang of Order {silver, rMut}
   (You bought it in a shop in a bazaar)

   It protects you from mutation.
Missiles
 d - 4 curare-tipped darts
Armour
 g - the quicksilver dragon scales "Myrghat" (worn) {rPois Will+}
   (You bought it in a shop on level 6 of the Dungeon)

   It protects you from poison.
   It increases your willpower.
 n - a +0 cloak of willpower (worn)
 P - a +2 helmet of intelligence (worn)
Jewellery
 b - a ring of see invisible (left hand)
 e - an amulet of reflection (around neck)
 k - a ring of protection from fire
 v - a +6 ring of intelligence (right hand)
 C - a +6 ring of dexterity
 E - the ring "Siacleti" {Contam rPois rCorr Str+2 Int+3}
   (You took it off an orc warrior on level 10 of the Dungeon)

   [ring of resist corrosion]

   It affects your strength (+2).
   It affects your intelligence (+3).
   It protects you from poison.
   It causes magical contamination when unequipped.
   It protects you from acid and corrosion.
 N - a +4 ring of slaying
Wands
 l - a wand of iceblast (7)
 r - a wand of mindburst (18)
 s - a wand of digging (4)
 y - a wand of paralysis (17)
 K - a wand of polymorph (7)
Scrolls
 c - 2 scrolls of immolation
 h - a scroll of teleportation
 t - 5 scrolls of enchant armour
 u - 3 scrolls of magic mapping
 w - a scroll of silence
 B - a scroll of enchant weapon
 D - a scroll of vulnerability {unknown}
 J - 2 scrolls of summoning {unknown}
 L - 3 scrolls of fear
 M - a scroll of noise {unknown}
Potions
 m - 4 potions of attraction
 o - 4 potions of brilliance
 p - a potion of ambrosia
 q - a potion of berserk rage
 x - 3 potions of resistance
 A - 2 potions of lignification
 F - a potion of flight {unknown}
 G - 2 potions of haste {unknown}
 H - a potion of mutation
 I - a potion of might
Miscellaneous
 z - a piece from Xom's chessboard (14/15)


   Skills:
 + Level 3.3 Fighting
 + Level 2.1 Short Blades
 + Level 2.9 Maces & Flails
 + Level 9.0 Armour
 + Level 6.0 Dodging
 + Level 5.2 Stealth
 + Level 3.7 Shields
 + Level 17.7 Spellcasting
 + Level 0.3 Evocations


You had 8 spell levels left.
You knew the following spells:

 Your Spells              Type           Power      Damage    Failure   Level
a - Foxfire               Conj/Fire      100%       2x1d9     0%          1
b - Conjure Flame         Conj/Fire      96%        6-21      0%          3
c - Inner Flame           Hex/Fire       96%        N/A       0%          3
d - Sticky Flame          Conj/Fire      96%        2d11      1%          4
e - Fireball              Conj/Fire      48%        3d19      1%          5
f - Shock                 Conj/Air       100%       1d9       0%          1
g - Static Discharge      Conj/Air       96%        N/A       0%          2
h - Lesser Beckoning      Tloc           48%        N/A       0%          3
i - Passage of Golubria   Tloc           N/A        N/A       1%          4
j - Summon Ice Beast      Ice/Summ       96%        N/A       1%          4
k - Agony                 Necr           96%        N/A       1%          5
l - Eringya's Noxious Bo  Tmut/Pois      48%        N/A       1%          6
Your spell library was empty.

Dungeon Overview and Level Annotations

Branches:
Dungeon (14/15)            Temple (1/1) D:6            Lair (0/6) D:11
    Orc (2/2) D:11            Elf (0/3) Orc:2        Vaults (0/5) D:13
  IceCv (visited)

Altars:
Ashenzari
Cheibriados
Dithmenos
Elyvilon
Fedhas
Gozag
Hepliaklqana
Kikubaaqudgha
Makhleb
Nemelex Xobeh
Okawaru
Qazlal
Ru
Sif Muna
Trog
Uskayaw
Vehumet
Wu Jian
Xom
Yredelemnul
Zin
The Shining One
Beogh

Shops:
D:6 *[?:   D:12 :   Orc:2 [:==

Annotations:
D:6 996 quicksilver armour
D:14 3 runed translucent doors, Snikeer's ghost, journeyman GnIE
Orc:2 Saint Roka


Innate Abilities, Weirdness & Mutations

You are immune to sickness and miasma.
You are immune to poison.
Your flesh is very heat resistant. (rF++)
You are vulnerable to cold. (rC-)
You float through the air rather than walking.
You learn spells naturally, not from books.
Your magical power is your life essence.
You have superior vitality. (+4 HP)


Message History

Confirm with . or Enter, or press ? or * to list all spells.
Okay, then.
Casting: Fireball (safe; 1% risk of failure)
Confirm with . or Enter, or press ? or * to list all spells.
A chill wind blows around you.
Saint Roka calls down the wrath of Beogh upon you.
Beogh smites you!
Casting: Summon Ice Beast (safe; 1% risk of failure)
Confirm with . or Enter, or press ? or * to list all spells.
A chill wind blows around you.
Saint Roka invokes the aid of Beogh against you.
Beogh smites you!
Casting: Summon Ice Beast (safe; 1% risk of failure)
Confirm with . or Enter, or press ? or * to list all spells.
A chill wind blows around you.
Saint Roka roars a battlecry!
Saint Roka mumbles some strange prayers to Beogh against you.
Beogh smites you!
Casting: Summon Ice Beast (safe; 1% risk of failure)
Confirm with . or Enter, or press ? or * to list all spells.
A chill wind blows around you.
Saint Roka calls down the wrath of Beogh upon you.
Beogh smites you!
* * * LOW HITPOINT WARNING * * *
Unknown command.
You swap places.
Saint Roka roars a battlecry!
Unknown command.
Okay, then.
Your ice beast disappears in a puff of smoke!
Your ice beast hits Saint Roka but does no damage.
Saint Roka invokes the aid of Beogh against you.
Beogh smites you!
* * * LOW HITPOINT WARNING * * *
The orc wizard casts a spell at you.
The magic dart hits your ice beast but does no damage.
Saint Roka invokes the aid of Beogh against you.
Beogh smites you!
You die...
Your body crumbles into a pile of gold.

...............
.......∩∩......
.......∩∩......
...............
........§$.....
#....$$§$$...#
#........########)§######
.......#..........).YYoo..
......#........@.....Yo...
..>........#$.$$..<.......
$
#..........#$$$$..........
............$.$...$.......
#......$.........$......
#......$$$.............
##......$.............. #.
###.#.................
#...##.###................


You could see Saint Roka (fast, ally target), an orc wizard (strong, ally
target) and 3 friendly ice beasts.

Vanquished Creatures
  An orc warlord (D:12)
  An ironbound preserver (D:13)
  A hydra (D:11)
  4 centaur warriors
  20 two-headed ogres
  4 ogre magi (Orc:2)
  4 tengu warriors
  3 death yaks (D:11)
  2 orc high priests
  4 skeletal warriors (D:11)
  2 orc knights (D:12)
  4 deep elf pyromancers
  3 orc sorcerers
  6 cyclopes
  2 manticores
  2 ugly things (IceCv)
  3 ice statues (IceCv)
  2 gargoyles
  2 unseen horrors
  2 rime drakes (D:12)
  A komodo dragon (D:11)
  10 trolls
  A tengu conjurer (D:14)
  3 meliai (D:14)
  2 hornets
  A slime creature (D:13)
  A centaur simulacrum (D:10)
  2 shadows
  A vampire (D:10)
  4 wraiths
  4 wyverns
  A basilisk (D:12)
  6 yaks (D:10)
  A steam dragon (D:7)
  4 vampire mosquitoes (D:7)
  Grum (D:10)
  Menkaure (D:5)
  4 wargs
  An acid dragon (D:7)
  2 water moccasins
  A meliai simulacrum (D:14)
  7 ice beasts
  36 orc warriors
  A necrophage (D:8)
  28 ogres
  A black bear (D:8)
  3 wolves (D:10)
  14 centaurs
  4 kobold brigands
  4 phantoms
  Blork the orc (D:6)
  3 scorpions
  2 bullfrogs (D:7)
  2 troll zombies (D:11)
  8 killer bees
  5 howler monkeys
  7 wights
  A bullfrog zombie (D:6)
  4 centaur zombies
  4 hounds
  15 orc priests
  4 iguanas
  A bullfrog skeleton (D:5)
  2 gnoll shamans
  18 orc wizards
  2 hell rats (D:11)
  A killer bee zombie (D:7)
  6 ogre zombies (D:11)
  A hound skeleton (D:5)
  2 howler monkey zombies
  14 gnolls
  10 adders
  A river rat (D:11)
  An ufetubus (D:6)
  2 adder skeletons
  4 worms
  7 dart slugs
  56 orcs
  8 ball pythons
  6 endoplasms
  5 giant cockroaches
  6 goblins
  6 hobgoblins
  2 jackals (D:4)
  25 kobolds
  2 quokkas (D:11)
  7 bats
  A frilled lizard (shapeshifter) (D:14)
  3 frilled lizards
  A goblin skeleton (D:11)
  4 goblin zombies (D:11)
  2 hobgoblin skeletons (D:11)
  A hobgoblin zombie (D:11)
  2 orc skeletons (D:11)
  15 orc zombies (D:11)
  6 rats
508 creatures vanquished.

Vanquished Creatures (others)
  A centaur (D:14)
  1021 foxfires
1022 creatures vanquished.

Grand Total: 1530 creatures vanquished

Notes
Turn   | Place    | Note
-------+----------+-------------------------------------------
     0 | D:1      | robertstho the Djinni Fire Elementalist began the quest for
                  | the Orb.
     0 | D:1      | Reached XP level 1. HP: 15/15 MP: 0/0
   250 | D:1      | Reached XP level 2. HP: 20/21 MP: 0/0
   611 | D:1      | Reached skill level 3 in Spellcasting
   611 | D:1      | Reached XP level 3. HP: 20/25 MP: 0/0
   611 | D:1      | Learned a level 1 spell: Shock
  1795 | D:2      | Reached XP level 4. HP: 26/31 MP: 0/0
  2897 | D:2      | Noticed a phantom
  2901 | D:2      | Killed a phantom
  2902 | D:2      | Reached skill level 4 in Spellcasting
  2902 | D:2      | Reached XP level 5. HP: 33/35 MP: 0/0
  2902 | D:2      | Learned a level 2 spell: Static Discharge
  3020 | D:2      | Found a faded altar of an unknown god.
  3258 | D:3      | Reached XP level 6. HP: 29/41 MP: 0/0
  4234 | D:4      | Found a glowing golden altar of the Shining One.
  4235 | D:4      | Found a white marble altar of Elyvilon.
  4236 | D:4      | Found a glowing silver altar of Zin.
  4456 | D:4      | Reached skill level 5 in Spellcasting
  4456 | D:4      | Reached XP level 7. HP: 27/46 MP: 0/0
  4456 | D:4      | Learned a level 3 spell: Lesser Beckoning
  5550 | D:5      | Entered Level 5 of the Dungeon
  5555 | D:5      | Noticed a water moccasin
  5562 | D:5      | Killed a water moccasin
  5706 | D:5      | Noticed a wyvern
  5707 | D:5      | Noticed Menkaure
  5710 | D:5      | Killed a wyvern
  5711 | D:5      | Reached skill level 1 in Shields
  5712 | D:5      | Killed Menkaure
  5713 | D:5      | Reached skill level 6 in Spellcasting
  5713 | D:5      | Reached XP level 8. HP: 23/51 MP: 0/0
  6510 | D:5      | Found a shimmering altar of Xom.
  6590 | D:6      | Found Vaqawaut's Armour Shoppe.
  6624 | D:6      | Found Gotyutz's Assorted Antiques.
  6626 | D:6      | Found Ysuom's Book Shoppe.
  6626 | D:6      | Found Yxzoar's Magic Scroll Shoppe.
  6711 | D:6      | Bought a scroll of magic mapping for 42 gold pieces
  6711 | D:6      | Bought a scroll of identify for 24 gold pieces
  6711 | D:6      | Bought a scroll of immolation for 42 gold pieces
  6711 | D:6      | Bought a scroll of teleportation for 36 gold pieces
  6738 | D:6      | Found a staircase to the Ecumenical Temple.
  6744 | D:6      | Noticed Blork the orc
  6751 | D:6      | Killed Blork the orc
  6763 | Temple   | Entered the Ecumenical Temple
  6768 | Temple   | Became a worshipper of Gozag Ym Sagoz the Greedy
  6837 | D:6      | Reached skill level 1 in Short Blades
  6991 | D:6      | Reached skill level 7 in Spellcasting
  7727 | D:7      | Reached skill level 1 in Fighting
  7730 | D:7      | Reached XP level 9. HP: 32/57 MP: 0/0
  7730 | D:7      | Learned a level 4 spell: Passage of Golubria
  7881 | D:7      | Reached skill level 8 in Spellcasting
  8868 | D:7      | Found a sacrificial altar of Ru.
  8872 | D:7      | Found a shadowy altar of Dithmenos.
  9039 | D:6      | Bought a scroll of teleportation for 36 gold pieces
  9039 | D:6      | Bought a scroll of identify for 24 gold pieces
  9039 | D:6      | Bought a scroll of magic mapping for 42 gold pieces
  9039 | D:6      | Bought a scroll of teleportation for 36 gold pieces
  9039 | D:6      | Bought a scroll of identify for 24 gold pieces
  9039 | D:6      | Bought a scroll of identify for 24 gold pieces
  9039 | D:6      | Identified a scroll of acquirement
  9042 | D:6      | Acquired 1214 gold pieces
  9051 | D:6      | Bought the quicksilver dragon scales "Myrghat" {rPois
                  | Will+} for 996 gold pieces
  9051 | D:6      | Bought a +1 hat for 154 gold pieces
  9051 | D:6      | Bought a +0 cloak of willpower for 161 gold pieces
  9114 | D:8      | Noticed a hornet
  9120 | D:8      | Killed a hornet
  9121 | D:8      | Reached XP level 10. HP: 48/64 MP: 0/0
  9218 | D:8      | Reached skill level 9 in Spellcasting
  9491 | D:7      | Identified the +9 whip of Dissent {chaos, rC+}
 11107 | D:9      | Reached skill level 10 in Spellcasting
 11110 | D:9      | Reached skill level 1 in Armour
 11861 | D:10     | Entered Level 10 of the Dungeon
 11870 | D:10     | Noticed Grum
 11873 | D:10     | Killed Grum
 11875 | D:10     | Reached skill level 5 in Dodging
 11902 | D:10     | Reached XP level 11. HP: 27/68 MP: 0/0
 11902 | D:10     | Learned a level 4 spell: Summon Ice Beast
 12198 | D:10     | Noticed a two-headed ogre
 12209 | D:10     | Killed a two-headed ogre
 12211 | D:10     | Reached skill level 11 in Spellcasting
 12508 | D:10     | Noticed a two-headed ogre
 12513 | D:10     | Killed a two-headed ogre
 12644 | D:10     | Identified the ring "Siacleti" {Contam rPois rCorr Str+2
                  | Int+3}
 13465 | D:10     | Noticed a two-headed ogre
 13472 | D:10     | Killed a two-headed ogre
 14102 | D:11     | Noticed a cyclops
 14418 | D:11     | Killed a cyclops
 14424 | D:11     | Reached skill level 12 in Spellcasting
 14762 | D:11     | Noticed a skeletal warrior
 14764 | D:11     | Noticed a skeletal warrior
 14767 | D:11     | Noticed a skeletal warrior
 14769 | D:11     | Killed a skeletal warrior
 14770 | D:11     | Reached XP level 12. HP: 25/76 MP: 0/0
 14772 | D:11     | Found a staircase to the Orcish Mines.
 15241 | D:11     | Found a staircase to the Lair.
 15242 | D:11     | Noticed a death yak
 15242 | D:11     | Noticed a death yak
 15246 | D:11     | Noticed a death yak
 15247 | D:11     | Killed a death yak
 15247 | D:11     | Killed a death yak
 15248 | D:11     | Reached skill level 5 in Armour
 15252 | D:11     | Killed a death yak
 15639 | D:11     | Killed a skeletal warrior
 15669 | D:11     | Noticed an eight-headed hydra
 15679 | D:11     | Killed an eight-headed hydra
 15825 | D:11     | Killed a skeletal warrior
 16127 | D:11     | Noticed a skeletal warrior
 16134 | D:11     | Killed a skeletal warrior
 16135 | D:11     | Reached skill level 13 in Spellcasting
 16989 | D:12     | Reached skill level 1 in Maces & Flails
 16992 | D:12     | Found a frozen archway.
 17006 | IceCv    | Entered an ice cave
 17357 | IceCv    | Reached XP level 13. HP: 3/80 MP: 0/0
 17357 | IceCv    | Learned a level 5 spell: Agony
 18561 | D:12     | Noticed an orc warlord
 18573 | D:12     | Killed an orc warlord
 19229 | D:12     | Found Maggy's Book Boutique.
 19871 | D:12     | Reached skill level 14 in Spellcasting
 20320 | D:12     | Acquired a manual of Spellcasting
 20448 | D:13     | Noticed a centaur warrior
 20461 | D:13     | Killed a centaur warrior
 21104 | D:13     | Noticed an ironbound preserver
 21111 | D:13     | Killed an ironbound preserver
 21112 | D:13     | Reached skill level 15 in Spellcasting
 21117 | D:13     | Reached XP level 14. HP: 25/87 MP: 0/0
 21119 | D:13     | Found a gate to the Vaults.
 21528 | D:13     | Acquired 970 gold pieces
 22021 | D:14     | Found a flickering gateway to a bazaar.
 22044 | Bazaar   | Entered a bazaar
 22044 | Bazaar   | Found Nuotz's Antique Weapon Boutique.
 22316 | Bazaar   | Found Peeqotwu's Book Emporium.
 22325 | Bazaar   | Found Ogemytud's Weapon Shop.
 22333 | Bazaar   | Bought the +7 lajatang of Order {silver, rMut} for 751 gold
                  | pieces
 22333 | Bazaar   | Found the +7 lajatang of Order {silver, rMut}
 22338 | Bazaar   | Found Fiuqeih's Weapon Emporium.
 22373 | Bazaar   | Found Joagru's Armour Shop.
 22381 | Bazaar   | Bought a +0 helmet of intelligence for 69 gold pieces
 22405 | Bazaar   | Bought an ichor-stained halberd for 243 gold pieces
 22405 | Bazaar   | Identified the +6 halberd of Dullness {vorpal, +Blink rC+++
                  | Dex-3 SInv} (You bought it in a shop in a bazaar)
 22806 | D:14     | Acquired a ring of protection from fire
 22877 | D:14     | Noticed Snikeer's ghost (journeyman GnIE)
 22882 | D:14     | Noticed a minotaur
 22919 | D:14     | Reached skill level 16 in Spellcasting
 22937 | D:14     | Reached skill level 5 in Stealth
 22937 | D:14     | HP: 3/87 [centaur warrior/arrow (16)]
 23257 | D:14     | Found a runed translucent gate.
 23257 | D:14     | Found a runed translucent gate.
 23257 | D:14     | Found a runed translucent gate.
 23746 | Orc:1    | Entered Level 1 of the Orcish Mines
 25272 | Orc:1    | Found a bloodstained altar of Trog.
 25576 | Orc:2    | Entered Level 2 of the Orcish Mines
 25583 | Orc:2    | Noticed an orc warlord
 25593 | Orc:2    | Noticed Saint Roka
 25596 | Orc:2    | HP: 4/87 [Saint Roka/divine providence (11)]
 25964 | Orc:2    | Found Qisary's Book Emporium.
 25964 | Orc:2    | Found Laighet's Jewellery Shop.
 25973 | Orc:2    | Reached skill level 17 in Spellcasting
 25976 | Orc:2    | Reached XP level 15. HP: 37/92 MP: 0/0
 25976 | Orc:2    | Learned a level 6 spell: Eringya's Noxious Bog
 26312 | Orc:2    | Found a staircase to the Elven Halls.
 26982 | Orc:2    | Found Vesovieph's Antique Armour Boutique.
 26982 | Orc:2    | Found Hotwae's Jewellery Emporium.
 26995 | Orc:2    | Killed from afar by Saint Roka

Illustrated notes

Levels and vault maps discovered:
D:1:      nzn_arrival_settlement, layout_loops_corners, minmay_tromino_v4_b
D:2:      layout_basic, chequers_ecumenical_altar_twisty, serial_rivers,
          chequers_serial_rivers_micro_a, chequers_serial_rivers_micro_b,
          chequers_serial_rivers_micro_e, chequers_serial_rivers_large_a
D:3:      layout_rooms, chequers_serial_rivers_micro_c, grunt_ministairs_12
D:4:      layout_basic, good_gods_temple_1
D:5:      layout_basic, gammafunk_temple_overflow_wave, uniq_menkaure
D:6:      layout_gridville, minmay_temple_entry_sparse_star,
          minmay_statues_item, minmay_shop_grid_forest, st_stairs_14,
          uniq_blork_the_orc
D:7:      layout_cave_pools, gammafunk_temple_overflow_pools
D:8:      layout_cave_pods
D:9:      layout_rooms, mrwooster_statue_mirror
D:10:     minmay_octagon_keep, layout_loops_ring, uniq_grum
D:11:     layout_basic, dpeg_lair_monsters, zombieorc2_lemuel
D:12:     orc_temple, layout_irregular_city, portal_ice_cave_rime, serial_shops,
          shop, minmay_misc_feat_secret_circle
D:13:     layout_irregular_city, skrybe_vaults_entry_preservation
D:14:     layout_irregular_city, maelrawn_ghost_gauntlet_escape, serial_shops,
          bzr_firewalk
Temple:   minmay_freezing_vapour_temple
Orc:1:    layout_caves, trog_butcher_becter
Orc:2:    st_orc_ogre_mass, layout_caves, uniq_saint_roka

Skill      XL: |  1  2  3  4  5  6  7  8  9 10 11 12 13 14 15 |
---------------+----------------------------------------------+-----
Spellcasting   | 3 4 5 6 7 8 10 12 13 15 17 | 17.7
Stealth        | 2 3 4 5 |  5.2
Dodging        | 3 4 5 6 |  6.0
Shields        | 1 2 3 |  3.7
Short Blades   | 1 2 |  2.1
Fighting       | 1 2 3 |  3.3
Armour         | 2 4 6 7 8 9 |  9.0
Maces & Flails | 1 2 |  2.9
Evocations     | |  0.3

Action                   |  1- 3 |  4- 6 |  7- 9 | 10-12 | 13-15 || total
-------------------------+-------+-------+-------+-------+-------++-------
Melee: Dagger            |       |     8 |    14 |       |       ||    22
       Whip              |       |       |       |    11 |    13 ||    24
 Cast: Foxfire           |    71 |   161 |   208 |   162 |       ||   602
       Sticky Flame      |       |       |    12 |    26 |    21 ||    59
       Fireball          |       |       |    12 |   146 |   232 ||   390
       Summon Ice Beast  |       |       |       |     2 |     9 ||    11
       Passage of Golubr |       |       |       |       |     3 ||     3
Evoke: Wand              |       |       |     2 |       |       ||     2
       Piece from Xom's  |       |       |       |       |     1 ||     1
  Use: Scroll            |       |       |    10 |     4 |    12 ||    26
       Potion            |       |       |     6 |     2 |     5 ||    13
Armor: Robe              |     5 |     1 |     7 |       |       ||    13
       Quicksilver drago |       |       |       |    32 |    18 ||    50
Dodge: Dodged            |     9 |    17 |    32 |    31 |    30 ||   119
Block: Other             |       |     8 |    14 |    10 |    13 ||    45
       Reflection        |       |       |     3 |       |     8 ||    11

Table legend: (Time is in decaauts)
 A = Elapsed time spent in this place.
 B = Non-inter-level travel time spent in this place.
 C = Inter-level travel time spent in this place.
 D = Time resting spent in this place.
 E = Time spent auto-exploring this place.
 F = Levels seen in this place.
 G = Mean time per level.
                   A        B        C        D        E       F      G
               +--------+--------+--------+--------+--------+-----+--------+
         Total |  27015 |  26054 |    961 |   6165 |  17156 |  19 | 1421.8 |
       Dungeon |  22573 |  21653 |    920 |   3499 |  16061 |  14 | 1612.4 |
        Temple |     10 |      5 |      5 |      0 |      0 |   1 |   10.0 |
  Orcish Mines |   2689 |   2653 |     36 |   1350 |    982 |   2 | 1344.5 |
        Bazaar |    379 |    379 |      0 |    267 |     69 |   1 |  379.0 |
      Ice Cave |   1361 |   1361 |      0 |   1049 |     44 |   1 | 1361.0 |
               +--------+--------+--------+--------+--------+-----+--------+

Top non-repeatable levels by time:
    D:11: 3488 daAuts
   Orc:1: 2286 daAuts
    D:10: 2244 daAuts
    D:12: 2039 daAuts
    D:13: 1968 daAuts
     D:1: 1789 daAuts
     D:6: 1511 daAuts
     D:8: 1486 daAuts
     D:9: 1465 daAuts
     D:2: 1455 daAuts
   IceCv: 1361 daAuts
     D:4: 1342 daAuts
     D:7: 1045 daAuts
     D:5: 1033 daAuts
     D:3: 962 daAuts
